 Dungeon Crawl Stone Soup version 0.28.0-53-g5a82cb258f (webtiles) character file.

Game seed: 7037358796458176939

198 Eitelfritz the Poker (level 5, 0/40 HPs)
             Began as a Merfolk Gladiator on June 6, 2022.
             Slain by an orc wizard
             ... wielding a +0 flail
              (5 damage)
             ... on level 3 of the Dungeon.
             The game lasted 00:04:28 (2642 turns).

Eitelfritz the Poker (Merfolk Gladiator)            Turns: 2642, Time: 00:04:29

Health: 0/40       AC:  5    Str: 17    XL:     5   Next: 76%
Magic:  5/5        EV: 13    Int:  7    God:
Gold:   58         SH:  0    Dex: 15    Spells: 4/4 levels left

rFire   . . .      SeeInvis .   a - +0 trident
rCold   . . .      Faith    .   (no shield)
rNeg    . . .      Spirit   .   b - +0 leather armour
rPois   .          Reflect  .   c - +0 helmet
rElec   .          Harm     .   (no cloak)
rCorr   .          Rampage  .   (no gloves)
Will    .....                   p - +0 pair of boots
Stlth   +.........              (no amulet)
HPRegen 0.13/turn               (no ring)
MPRegen 0.09/turn               (no ring)

@: confused
A: (nimble swimmer 2), mertail
a: no special abilities


You were on level 3 of the Dungeon.
You visited 1 branch of the dungeon, and saw 3 of its levels.

You collected 58 gold pieces.

Inventory:

Hand Weapons
 a - a +0 trident (weapon)
Missiles
 d - 3 throwing nets (quivered)
 f - 7 poisoned darts
Armour
 b - a +0 leather armour (worn)
 c - a +0 helmet (worn)
 p - a +0 pair of boots (worn)
Scrolls
 e - 6 scrolls of identify {unknown}
 g - a scroll of enchant weapon {unknown}
 m - a scroll of vulnerability {unknown}
Potions
 h - a potion of experience {unknown}
 i - a potion of attraction {unknown}
 j - a potion of might {unknown}
 k - a potion of berserk rage {unknown}
 l - 3 potions of ambrosia {unknown}
 n - a potion of degeneration {unknown}
 o - a potion of haste {unknown}
 q - 2 potions of brilliance {unknown}


   Skills:
 + Level 2.8 Fighting
 + Level 7.2 Polearms
 + Level 2.0 Throwing
 + Level 1.1 Armour
 + Level 5.0 Dodging
 + Level 1.1 Stealth


You had 4 spell levels left.
You didn't know any spells.
Your spell library was empty.

Dungeon Overview and Level Annotations

Branches:
Dungeon (3/15)

Altars:

Shops:
D:1 =


Innate Abilities, Weirdness & Mutations

((You are very nimble when in or above water. (Stealth+, EV+, Speed+++)))
Your lower body shifts to a powerful aquatic tail in water.


Message History

The orc wizard mumbles some strange words.
The orc wizard flickers and vanishes!
Deactivating autopickup; reactivate with Ctrl-A.
You puncture the orc wizard!
You kill the orc wizard!
The orc barely misses you.
You hear some strange, mumbled words.
A puff of flame appears from out of thin air!
The puff of flame hits you!
Your Dodging skill increases to level 5!
Unknown command.
You barely miss the orc. The orc hits you with a +0 dagger.
You hear some strange, mumbled words.
Something tries to affect you, but you resist.
The orc throws a boomerang.
The boomerang hits you. The orc hits you but does no damage.
Something completely misses you.
You bump into the rock wall.
The orc hits you with a +0 dagger. Something hits you but does no damage.
You barely miss the orc. The orc hits you but does no damage.
Something barely misses you.
You miss something. The orc hits you but does no damage.
You hear some strange, mumbled words.
You are more confused.
The orc closely misses you. Something hits you.
The orc hits you with a +0 dagger. Something hits you!
You bump into the rock wall.
The orc barely misses you.
You hear some strange, mumbled words.
Something tries to affect you, but you resist.
Unknown command.
The orc throws a boomerang.
The boomerang barely misses you.
Unknown command.
Unknown command.
The orc hits you but does no damage. Something hits you but does no damage.
You barely miss the orc. The orc misses you. Something hits you!
* * * LOW HITPOINT WARNING * * *
You hit the orc. You punch the orc.
The orc is severely wounded.
The orc hits you but does no damage.
You miss something. Something hits you.
You die...

###.##.#
#.##.# #.##..
# #.#### .# #
#.# #.#.#
#.#####....###
#......o......
###o)##...###.
#{@# #.## #..#
.# #..# # #..#
#... #..##
#..# #..# #...


You could see an orc.

Vanquished Creatures
  An orc priest (D:3)
  2 orc wizards (D:3)
  2 adders
  4 gnolls
  3 dart slugs
  4 orcs (D:3)
  2 ball pythons
  3 endoplasms
  2 giant cockroaches (D:2)
  A goblin (D:2)
  3 hobgoblins
  8 jackals
  2 quokkas (D:1)
  4 bats (D:1)
  4 frilled lizards (D:1)
  3 kobolds (D:1)
  2 rats (D:1)
50 creatures vanquished.

Vanquished Creatures (others)
  2 plants (D:2)
2 creatures vanquished.

Grand Total: 52 creatures vanquished

Notes
Turn   | Place    | Note
-------+----------+-------------------------------------------
     0 | D:1      | Eitelfritz the Merfolk Gladiator began the quest for the
                  | Orb.
     0 | D:1      | Reached XP level 1. HP: 16/16 MP: 1/1
   195 | D:1      | Reached skill level 5 in Polearms
   258 | D:1      | Reached XP level 2. HP: 22/22 MP: 2/2
   382 | D:1      | Found a faded altar of an unknown god.
   525 | D:1      | Found Sucuest's Jewellery Shoppe.
  1081 | D:2      | Reached XP level 3. HP: 27/27 MP: 3/3
  1526 | D:2      | Reached skill level 1 in Stealth
  1531 | D:2      | Reached skill level 6 in Polearms
  1531 | D:2      | Reached XP level 4. HP: 17/34 MP: 4/4
  2234 | D:3      | Reached XP level 5. HP: 16/39 MP: 5/5
  2239 | D:3      | HP: 1/39 [orc/+3 dagger (3)]
  2240 | D:3      | Reached skill level 7 in Polearms
  2240 | D:3      | Reached skill level 1 in Armour
  2629 | D:3      | Reached skill level 5 in Dodging
  2642 | D:3      | Slain by an orc wizard

Illustrated notes

Levels and vault maps discovered:
D:1:      lightli_arrival_flooded_house, layout_basic,
          ebering_ecumenical_altar_abandoned, serial_shops, shop,
          minmay_tetromino_t4
D:2:      layout_loops_ring, serial_bayou_pond_d, minmay_split_cup_small
D:3:      layout_loops_ring, amcnicky_altar_gilded, nrook_loot_triangle,
          corexii_corridor_pit, kennysheep_minor_cross, grunt_decor_junction,
          wander_ebering_terrifying_dragon_lair

Skill      XL: |  1  2  3  4  5 |
---------------+----------------+-----
Polearms       | 5 6 7 |  7.2
Stealth        | 1 |  1.1
Armour         | 1 |  1.1
Dodging        | 5 |  5.0
Fighting       | |  2.8
Throwing       | |  2.0

Action                   |  1- 3 |  4- 6 || total
-------------------------+-------+-------++-------
Melee: Trident           |   111 |    52 ||   163
       Punch             |       |     2 ||     2
 Stab: Sleeping          |     5 |       ||     5
Armor: Leather armour    |    23 |    14 ||    37
Dodge: Dodged            |    84 |    43 ||   127
